AoeStats
← | ArCas | Toruk Makto

Arena

507840259Analyzed
4v4 RM · 12d ago on Sep 19, 2026· 36m 55s· 8 players
Game mode
Random Map
Map size
Large (8 player)
Population
200
Speed
Normal
Resources
Standard
Victory
Conquest
Starting age
Dark Age
Ending age
Imperial Age
RankedLock teamsTeams togetherTeam positionsShared explorationLock speedFull tech treeHidden civsTurbo modeCheats
Victory
Defeat
🇦🇷 Burgundians · Argentina
1283
+14
🇦🇷 Malay · Argentina
1278
+14
🇨🇱 Persians · Chile
1271
+14
🇦🇷 Vietnamese · Argentina
1257
+15
🇪🇸 Sicilians · Spain
1348
-20
🇬🇧 Jurchens · United Kingdom
1234
-14
🇨🇦 Celts · Canada
1171
-12
🇨🇳 Franks · China
1162
-11
ReBeL_persi
10:15 Loom
12:01 Feudal Age
16:22 Castle Age
14:30 Double-Bit Axe
15:01 Horse Collar
17:55 Bow Saw
20:31 Town Watch
23:07 Wheelbarrow
22:28 Gold Mining
23:52 Stone Mining
25:29 Fletching
28:54 Imperial Age
27:29 Scale Mail Armor
27:39 Forging
29:08 Chain Mail Armor
30:55 Chemistry
29:52 Elite Fire Lancer
34:09 Plate Mail Armor
34:14 Iron Casting
36:19 Two-Man Saw
PmP_CoYuNo-
9:26 Feudal Age
13:41 Castle Age
18:32 Fervor
19:24 Double-Bit Axe
20:05 Horse Collar
21:48 Wheelbarrow
21:27 Loom
21:34 Loom
22:22 Stone Mining
22:30 Gold Mining
24:41 Gold Shaft Mining
24:51 Hand Cart
24:59 Bow Saw
27:33 Scale Barding Armor
27:39 Forging
27:39 Town Watch
30:24 Imperial Age
28:55 Chain Barding Armor
28:26 Fletching
28:54 Padded Archer Armor
28:55 Scale Mail Armor
29:54 Stone Shaft Mining
30:11 Husbandry
30:21 Bloodlines
29:32 Light Cavalry
30:20 Town Watch
30:07 Cavalier
31:23 Plate Barding Armor
31:24 Iron Casting
31:10 Conscription
31:16 Padded Archer Armor
32:43 Savar
33:22 Heavy Camel Rider
36:44 Man-at-Arms
37:09 Gambesons
37:10 Arson
37:26 Squires
| ArCas | Toruk Makto
12:05 Feudal Age
15:34 Castle Age
13:36 Double-Bit Axe
13:49 Horse Collar
14:48 Loom
16:57 Squires
17:17 Forging
28:37 Bow Saw
28:29 Heavy Plow
29:01 Gold Mining
29:52 Town Watch
33:26 Wheelbarrow
34:36 Iron Casting
34:48 Fletching
34:59 Padded Archer Armor
38:48 Imperial Age
36:54 Bodkin Arrow
37:14 Leather Archer Armor
38:00 Gold Shaft Mining
37:23 Stone Mining
twitch.tv/megafussion
7:34 Double-Bit Axe
11:08 Feudal Age
12:54 Bow Saw
15:01 Castle Age
13:46 Horse Collar
17:18 Loom
21:55 Wheelbarrow
21:57 Heavy Plow
26:28 Gold Mining
26:54 Forging
26:50 Scale Barding Armor
29:35 Imperial Age
28:14 Hand Cart
29:13 Two-Man Saw
27:57 Cavalier
28:38 Husbandry
28:45 Burgundian Vineyards
30:38 Gold Shaft Mining
30:36 Crop Rotation
30:07 Paladin
31:10 Chain Barding Armor
31:26 Iron Casting
30:44 Pikeman
31:25 Squires
31:19 Town Watch
31:55 Halberdier
33:46 Conscription
34:41 Blast Furnace
34:19 Plate Barding Armor
33:46 Stone Mining
33:58 Arson
36:17 Scale Mail Armor
36:10 Fletching
37:40 Chain Mail Armor
Alejandro_Cao
11:19 Feudal Age
10:34 Loom
16:17 Castle Age
14:09 Horse Collar
14:43 Double-Bit Axe
16:58 Heavy Plow
17:27 Bow Saw
23:36 Wheelbarrow
23:04 Fletching
23:37 Town Watch
25:48 Bodkin Arrow
28:46 Imperial Age
26:31 Masonry
26:41 Gold Mining
27:05 Stone Mining
27:40 Ballistics
27:33 Scale Mail Armor
27:36 Squires
27:47 Murder Holes
29:31 Bracer
30:35 Chemistry
31:03 Forging
31:23 Conscription
32:03 Chain Mail Armor
32:24 Iron Casting
31:50 Arson
31:27 Pikeman
32:28 Murder Holes
33:22 First Crusade
34:36 Plate Mail Armor
35:07 Blast Furnace
34:09 Halberdier
34:35 Gambesons
35:32 First Crusade
35:33 Conscription
McLagan
10:13 Feudal Age
14:18 Castle Age
13:10 Double-Bit Axe
13:50 Horse Collar
15:22 Bow Saw
21:13 Squires
21:42 Gold Mining
22:27 Scale Mail Armor
22:39 Forging
23:49 Wheelbarrow
24:07 Gambesons
29:06 Imperial Age
26:55 Chain Mail Armor
27:16 Iron Casting
27:44 Loom
28:59 Stone Mining
29:48 Gold Shaft Mining
28:48 Pikeman
29:28 Stone Mining
30:33 Fortified Wall
31:34 Two-Man Saw
30:55 Elite Fire Lancer
33:07 Chemistry
33:36 Stone Shaft Mining
33:22 Siege Engineers
33:03 Halberdier
34:49 Blast Furnace
35:43 Heavy Rocket Cart
potato
12:29 Feudal Age
12:32 Loom
16:37 Castle Age
15:44 Double-Bit Axe
15:42 Horse Collar
15:58 Stone Mining
18:03 Wheelbarrow
17:42 Bow Saw
17:36 Heavy Plow
fechinoo
10:11 Feudal Age
13:50 Castle Age
12:05 Double-Bit Axe
15:25 Wheelbarrow
21:48 Bow Saw
23:11 Wheelbarrow
23:43 Gold Mining
23:44 Stone Mining
25:22 Gold Shaft Mining
26:10 Hand Cart
29:55 Imperial Age
28:11 Scale Barding Armor
28:16 Forging
29:12 Chain Barding Armor
29:51 Loom
30:23 Husbandry
30:38 Chivalry
30:59 Conscription
30:01 Cavalier
31:22 Fortified Wall
36:39 Chemistry
36:37 Pikeman
37:17 Squires
37:03 Arson
Connection lost

Rejoining the realm…

Still unreachable

The connection could not be restored.

Session expired

The server has moved on; the page needs a fresh start.